 Dungeon Crawl Stone Soup version 0.22-a0-348-gd16d139 (webtiles) character file.

15 Kairos the Shield-Bearer (level 2, 24/24 HPs)
             Began as a Formicid Fighter on Apr 7, 2018.
             Got out of the dungeon alive.
             The game lasted 00:00:32 (651 turns).

Kairos the Shield-Bearer (Formicid Fighter)          Turns: 651, Time: 00:00:32

Health: 24/24      AC:  6    Str: 20    XL:     2   Next: 65%
Magic:  2/2        EV:  8    Int:  7    God:
Gold:   40         SH:  9    Dex: 10    Spells: 1/1 levels left

rFire    . . .     SeeInvis +   a - +0 quarterstaff
rCold    . . .     Gourm    .   c - +0 shield
rNeg     . . .     Faith    .   b - +0 scale mail
rPois    .         Spirit   .   (helmet unavailable)
rElec    .         Reflect  .   (no cloak)
rCorr    .         Harm     .   (no gloves)
MR       .....                  (no boots)
Stlth    ..........             (no amulet)
HPRegen  0.08/turn              (no ring)
MPRegen  0.08/turn              (no ring)

@: no status effects
A: permanent stasis, dig shafts and tunnels, four strong arms, antennae 3
a: Dig, Shaft Self


You escaped.
You were not hungry.

You visited 1 branch of the dungeon, and saw 1 of its levels.

You collected 40 gold pieces.

Inventory:

Hand Weapons
 a - a +0 quarterstaff (weapon)
Armour
 b - a +0 scale mail (worn)
 c - a +0 shield (worn)
Scrolls
 e - a scroll of identify {unknown}
 g - a scroll of fog {unknown}
 h - a scroll of fear {unknown}
 j - a scroll of teleportation {unknown}
 k - a scroll of noise {unknown}
Potions
 d - a potion of might
 i - 2 potions of flight {unknown}
 l - a potion of haste {unknown}
Comestibles
 f - 3 rations


   Skills:
 + Level 3.2 Fighting
 + Level 2.1 Staves
 + Level 3.5 Armour
 + Level 4.2 Shields


You had one spell level left.
You didn't know any spells.

Dungeon Overview and Level Annotations

Branches:
Dungeon (1/15)

Altars:


Innate Abilities, Weirdness & Mutations

You cannot be hasted, slowed, berserked, paralysed or teleported.
You can dig through walls and to a lower floor.
Your four strong arms can wield two-handed weapons with a shield.
You have a pair of large antennae on your head. (SInv)


Message History

You see here a bat corpse.
Done exploring.
No target in view!
Done exploring.
Done exploring.
No target in view!
Done exploring.
No target in view!
No target in view!
Done exploring.
No target in view!
Done exploring.
You see here a bat corpse.
You see here a bat skeleton.
You open the door.
There is an open door here.
There is a dry fountain here.
There is a staircase leading out of the dungeon here.
Are you sure you want to leave the Dungeon?
This will make you lose the game!
You have escaped!

#....# ####.##### #..##
#####.### #..# ##.#
#......#########.# #.#
#.####...........# #.#
#.# #...#####.).#
#####.# #.#
#...#...#...# #.....#
#.# #.###.⌠.###.#
#.....## #.#
#.#.......#.# #......#
#.#
#.'.⌠.@.⌠.'.####......#
#.#
#.#.......#...........#
#.#
#.###.⌠.###..########..
#.# #...#...#....# #...
#.# #...#####....# #...
#.# #............# #...
#.# ##.############
#... #.# #..# #... #.#
#.## #...


There were no monsters in sight!

Vanquished Creatures
  A goblin (D:1)
  3 hobgoblins (D:1)
  2 jackals (D:1)
  3 bats (D:1)
  3 frilled lizards (D:1)
  A kobold (D:1)
  2 rats (D:1)
15 creatures vanquished.

Notes
Turn   | Place    | Note
-------+----------+-------------------------------------------
     0 | D:1      | Kairos the Formicid Fighter began the quest for the Orb.
     0 | D:1      | Reached XP level 1. HP: 18/18 MP: 1/1
   234 | D:1      | Reached skill level 4 in Shields
   234 | D:1      | Reached XP level 2. HP: 20/24 MP: 2/2
   651 | D:$      | Got out of the dungeon alive.

Vault maps used:
D:1:      dpeg_arrival_simpleton_c

Skill      XL: |  1 |
---------------+----+-----
Shields        | 4 |  4.2
Fighting       | |  3.2
Staves         | |  2.1
Armour         | |  3.5

Action                   || total
-------------------------++-------
Melee: Quarterstaff      ||    46
Armor: Scale mail        ||    10
Dodge: Dodged            ||    21
Block: Shield            ||    26

Table legend:
 A = Spawn XP
 B = Non-spawn XP
 C = Spawn XP percentage of total XP
 D = Spawn monster count
 E = Non-spawn monster count
 F = Spawn count percentage of total count
 G = Total turns spent on level
                    A         B        C        D         E        F      G
               +---------+---------+-------+---------+---------+-------+---------
         Total |       0 |      22 |   0.0 |       0 |      15 |   0.0 |   651
               +---------+---------+-------+---------+---------+-------+---------
           D:1 |       0 |      22 |   0.0 |       0 |      15 |   0.0 |   651
               +---------+---------+-------+---------+---------+-------+---------
